 Dungeon Crawl Stone Soup version 0.22-a0-93-g6b88ebb (webtiles) character file.

212 wazuzu the Poker (level 5, 0/45 HPs)
             Began as a Hill Orc Monk on Jan 24, 2018.
             Was a Believer of Yredelemnul.
             Slain by a hound (6 damage)
             ... on level 4 of the Dungeon.
             The game lasted 00:08:04 (4697 turns).

wazuzu the Poker (Hill Orc Monk)                    Turns: 4697, Time: 00:08:04

Health: 0/45       AC:  3    Str: 22    XL:     5   Next: 90%
Magic:  5/5        EV: 13    Int: 10    God:    Yredelemnul [**....]
Gold:   135        SH:  0    Dex: 13    Spells: 4/4 levels left

rFire    . . .     SeeInvis .   a - +0 spear
rCold    + . .     Gourm    .   (no shield)
rNeg     . . .     Faith    .   b - +0 robe
rPois    +         Spirit   .   l - +0 helmet
rElec    .         Reflect  .   (no cloak)
rCorr    .         Harm     .   (no gloves)
MR       .....     Clarity  +   (no boots)
Stlth    ++........             (no amulet)
HPRegen  0.15/turn              k - ring of protection from cold
MPRegen  0.09/turn              (no ring)

@: mighty, flying
A: claws 1, clarity, poison resistance, strong 1
a: Animate Remains, Recall Undead Slaves, Injury Mirror, Renounce Religion


You were on level 4 of the Dungeon.
You worshipped Yredelemnul.
Yredelemnul was pleased with you.
You were not hungry.

You visited 2 branches of the dungeon, and saw 5 of its levels.

You collected 135 gold pieces.

Inventory:

Hand Weapons
 a - a +0 spear (weapon)
 i - a +0 glaive
Armour
 b - a +0 robe (worn)
 l - a +0 helmet (worn)
Jewellery
 k - a ring of protection from cold (left claw)
Wands
 d - a wand of digging (1)
Scrolls
 f - a scroll of teleportation {unknown}
 g - 2 scrolls of identify {unknown}
 h - a scroll of remove curse {unknown}
 m - a scroll of amnesia {unknown}
Comestibles
 c - 8 rations


   Skills:
 - Level 3.6 Fighting
 + Level 7.0 Polearms
 - Level 2.4 Dodging
 - Level 1.5 Stealth


You had 4 spell levels left.
You didn't know any spells.

Dungeon Overview and Level Annotations

Branches:
Dungeon (4/15)             Temple (1/1) D:4

Altars:
Ashenzari
Cheibriados
Dithmenos
Elyvilon
Fedhas
Gozag
Hepliaklqana
Kikubaaqudgha
Makhleb
Nemelex Xobeh
Okawaru
Qazlal
Ru
Sif Muna
Trog
Uskayaw
Vehumet
Wu Jian
Xom
Yredelemnul
The Shining One


Innate Abilities, Weirdness & Mutations

You have sharp fingernails.
You possess an exceptional clarity of mind.
Your system is resistant to poisons. (rPois)
Your muscles are strong. (Str +2)


Message History

It was a potion of might.
You feel very mighty all of a sudden. The hound bites you.
* * * LOW HITPOINT WARNING * * *
You closely miss the hound. The hound misses you. The hound bites you.
* * * LOW HITPOINT WARNING * * *
You barely miss the hound. The hound bites you.
* * * LOW HITPOINT WARNING * * *
You hit the hound.
The hound is moderately wounded.
The hound bites you but does no damage.
Okay, then.
You completely miss the hound.
The hound is moderately wounded.
The hound closely misses you.
It was a potion of flight.
You feel very buoyant.
You fly up into the air.
The hound bites you.
You die...
Your body rises from the dead as a mindless zombie.

..........#.............
...........#.....#######)
...........#.....#.......
...........#..b..#.......
..........##'####.......
#......................
#......................
#...............####'##
#....<@h........#......
#...............#......
#...............#......
#...............+......
#...............#+##...
#.....######.......#...
#.....# .......#...
#.....# .......'...
.......#...


You could see a hound.

Vanquished Creatures
  A bullfrog skeleton (D:4)
  An iguana (D:3)
  Robin (D:3)
  2 gnolls (D:4)
  3 adders
  An adder skeleton (D:4)
  3 worms (D:2)
  3 dart slugs (D:2)
  5 leopard geckos
  An orc (D:3)
  4 giant cockroaches
  13 hobgoblins
  2 jackals (D:3)
  8 kobolds
  2 quokkas (D:3)
  5 bats
  5 frilled lizards
  13 goblins
  9 rats
82 creatures vanquished.

Notes
Turn   | Place    | Note
-------+----------+-------------------------------------------
     0 | D:1      | wazuzu the Hill Orc Monk began the quest for the Orb.
     0 | D:1      | Reached XP level 1. HP: 19/19 MP: 1/1
   350 | D:1      | Reached XP level 2. HP: 23/26 MP: 2/2
   363 | D:1      | Reached skill level 4 in Polearms
  1147 | D:2      | Reached XP level 3. HP: 15/31 MP: 3/3
  1666 | D:2      | Reached skill level 5 in Polearms
  2142 | D:2      | Reached XP level 4. HP: 29/39 MP: 4/4
  2237 | D:2      | Found a faded altar of an unknown god.
  2772 | D:3      | Gained mutation: You have sharp fingernails. [potion of mutation]
  2772 | D:3      | Gained mutation: Your system is resistant to poisons. (rPois) [potion of mutation]
  2772 | D:3      | Gained mutation: You possess an exceptional clarity of mind. [potion of mutation]
  2772 | D:3      | Gained mutation: Your muscles are strong. (Str +2) [potion of mutation]
  3258 | D:3      | Reached skill level 6 in Polearms
  3292 | D:3      | Noticed Robin
  3323 | D:3      | Reached XP level 5. HP: 34/45 MP: 5/5
  3381 | D:3      | Killed Robin
  4153 | D:4      | Noticed a phantom
  4290 | D:4      | Noticed a necrophage
  4481 | D:4      | Found a staircase to the Ecumenical Temple.
  4491 | Temple   | Entered the Ecumenical Temple
  4600 | Temple   | Became a worshipper of Yredelemnul the Dark
  4600 | Temple   | Reached * piety under Yredelemnul
  4600 | Temple   | Reached ** piety under Yredelemnul
  4658 | D:4      | Reached skill level 7 in Polearms
  4697 | D:4      | Slain by a hound

Vault maps used:
D:1:      noname_arrival_rooms_in_the_neighbourhood
D:2:      chequers_ecumenical_altar_island, first_ration
D:3:      minmay_unequal, uniq_robin
D:4:      minmay_temple_entry_butterflies, grunt_decor_fettered
Temple:   kilobyte_greek_temple

Skill      XL: |  1  2  3  4  5 |
---------------+----------------+-----
Polearms       | 4 5 6 7 |  7.0
Fighting       | |  3.6
Dodging        | |  2.4
Stealth        | |  1.5

Action                   |  1- 3 |  4- 6 || total
-------------------------+-------+-------++-------
Melee: Spear             |   189 |   211 ||   400
       Unarmed           |       |    10 ||    10
  Use: Potion            |       |     7 ||     7
 Stab: Sleeping          |     2 |     7 ||     9
  Eat: Chunk             |     3 |     7 ||    10
       Ration            |       |     1 ||     1
Armor: Robe              |    18 |    14 ||    32
       Skin              |       |    16 ||    16
Dodge: Dodged            |    77 |    93 ||   170

Table legend:
 A = Spawn XP
 B = Non-spawn XP
 C = Spawn XP percentage of total XP
 D = Spawn monster count
 E = Non-spawn monster count
 F = Spawn count percentage of total count
 G = Total turns spent on level
                    A         B        C        D         E        F      G
               +---------+---------+-------+---------+---------+-------+---------
         Total |       0 |     304 |   0.0 |       0 |      82 |   0.0 |  4697
               +---------+---------+-------+---------+---------+-------+---------
           D:1 |       0 |      22 |   0.0 |       0 |      15 |   0.0 |  1412
           D:2 |       0 |      65 |   0.0 |       0 |      20 |   0.0 |   941
           D:3 |       0 |     131 |   0.0 |       0 |      42 |   0.0 |  1946
           D:4 |       0 |      86 |   0.0 |       0 |       5 |   0.0 |   252
               +---------+---------+-------+---------+---------+-------+---------
